Map: Ley Lines

Players

Fjant

  • Race: Zerg Zerg
  • League: Grandmaster
  • Spawn Location: 7:00

DnS - Winner!

  • Race: Protoss Protoss
  • Spawn Location: 1:00

Event: HomeStory Cup XXVII

VOD

Have the link to the VOD?

Description

Time

  • Played on: June 27, 2025, 7:53 a.m.
  • Length: 11:49

All games in this series

Show
View Real Time Build Order
Export as new Build Order

Fjant Zerg 

Build Orders: Hatch First 

Get SALT Encoding   

  12  0:00  Drone  
  13  0:07  Drone  
  13  0:14  Drone, Extractor  
  15  0:22  Overlord  
  15  0:41  Drone x2  
  17  0:50  Drone  
  17  0:56  Hatchery  
  17  0:57  Drone  
  17  1:03  Extractor  
  17  1:12  Spawning Pool  
  17  1:15  Drone  
  17  1:17  Drone  
  18  1:27  Drone  
  19  1:37  Drone  
  20  1:44  Hatchery  
  19  1:51  Drone  
  20  1:57  Evolution Chamber  
  20  2:02  Overlord, Queen  
  20  2:06  Metabolic Boost  
  23  2:22  Extractor  
  22  2:23  Zergling x4  
  24  2:31  Overlord  
  24  2:38  Queen  
  26  2:45  Zergling x2  
  27  2:54  Drone  
  27  2:56  Zergling x2  
  29  3:00  Hatchery  
  29  3:02  Queen  
  30  3:09  Drone x2  
  30  3:12  Drone  
  32  3:23  Drone x2  
  32  3:26  Drone x2  
  35  3:36  Queen  
  35  3:39  Spore Crawler  
  35  3:40  Drone  
  37  3:43  Drone  
  37  3:44  Drone  
  39  3:49  Drone  
  39  3:54  Overlord  
  40  3:56  Drone  
  40  4:02  Roach Warren  
  41  4:04  Overlord  
  41  4:19  Drone x4  
  41  4:20  Drone  
  41  4:23  Zergling x8  
  50  4:26  Roach Warren  
  50  4:30  Zergling x2, Extractor  
  49  4:42  Lair  
  49  4:43  Spore Crawler  
  48  4:46  Drone x2  
  48  4:48  Drone  
  48  4:50  Roach x2  
  55  4:54  Roach  
  55  4:57  Overlord  
  55  4:58  Drone  
  58  5:02  Overlord  
  57  5:09  Overlord, Spore Crawler  
  57  5:10  Drone  
  57  5:17  Roach x2  
  57  5:18  Roach  
  57  5:20  Roach  
  65  5:25  Roach x2  
  65  5:26  Zergling x2  
  65  5:27  Zergling x2  
  72  5:36  Roach x3  
  72  5:40  Drone  
  72  5:41  Drone x3  
  82  5:43  Overseer  
  81  6:01  Drone  
  82  6:09  Overseer  
  82  6:10  Overlord  
  82  6:11  Overlord  
  82  6:13  Overlord  
  82  6:15  Overlord  
  81  6:19  Overlord  
  81  6:25  Overlord  
  81  6:29  Roach x3  
  81  6:30  Roach x4  
  81  6:31  Drone x3  
  98  6:34  Drone  
  98  6:35  Drone  
  98  6:36  Drone  
  102  6:40  Drone x2  
  102  6:42  Drone  
  102  6:44  Drone  
  102  6:46  Drone  
  106  6:51  Drone  
  106  6:52  Drone  
  106  6:53  Glial Reconstitution  
  101  6:55  Drone  
  101  6:56  Drone  
  101  6:59  Drone  
  101  7:00  Drone  
  99  7:02  Drone  
  99  7:03  Drone  
  99  7:05  Extractor x2, Roach x3  
  103  7:13  Drone  
  103  7:14  Drone, Extractor  
  104  7:19  Drone x3  
  107  7:24  Drone  
  107  7:26  Extractor  
  107  7:29  Drone  
  109  7:30  Drone x2  
  109  7:36  Spire  
  109  7:37  Overlord  
  109  7:38  Zergling x2  
  109  7:39  Zergling x8  
  109  7:40  Ravager  
  109  7:43  Hatchery  
  114  7:47  Ravager  
  115  7:59  Roach x7  
  115  8:01  Overlord x2  
  115  8:04  Hatchery, Roach  
  126  8:07  Pneumatized Carapace  
  125  8:19  Ravager  
  125  8:20  Drone x5  
  129  8:27  Drone  
  129  8:28  Overlord  
  129  8:33  Overlord  
  129  8:45  Overlord  
  129  8:47  Roach x10  
  146  8:48  Ravager x4  
  146  8:50  Ravager  
  146  8:51  Roach  
  153  8:57  Roach x4  
  153  9:00  Roach  
  163  9:08  Roach x3  
  163  9:09  Overlord  
  169  9:12  Overlord  
  165  9:25  Roach x8  
  165  9:31  Roach x3  
  161  9:41  Roach x5  
  153  9:49  Ravager x3  
  153  9:50  Ravager  
  163  9:52  Roach  
  163  9:53  Roach x3  
  163  9:58  Zergling x2  
  163  9:59  Zergling x2  
  167  10:04  Overlord  
  165  10:11  Hatchery  
  163  10:17  Mutalisk x3  
  163  10:19  Zergling x2  
  170  10:23  Mutalisk  
  170  10:25  Zergling x4  
  171  10:42  Mutalisk x3  
  170  10:47  Drone x5  
  175  10:59  Roach x3  
  168  11:05  Roach  
  168  11:06  Roach x3  
  168  11:09  Ravager x2  
  178  11:15  Zergling x6  
  179  11:22  Zergling x4  
  178  11:29  Roach x2  
  178  11:30  Roach x4  
Show
View Real Time Build Order
Export as new Build Order

DnS Protoss - Winner!

Build Orders: Archon Immortal, Archon Drop 

Get SALT Encoding   

  12  0:00  Probe  
  13  0:12  Probe  
  14  0:19  Pylon  
  14  0:24  Probe  
  15  0:34  Probe  
  15  0:40  Gateway  
  15  0:42  Probe  
  17  0:50  Assimilator  
  17  0:52  Probe  
  18  1:05  Probe  
  19  1:17  Probe  
  20  1:21  Zealot  
  20  1:24  Pylon  
  20  1:27  Cybernetics Core  
  22  1:35  Probe  
  22  1:39  Pylon  
  23  1:57  Probe  
  24  2:03  Adept  
  26  2:28  Probe  
  26  2:29  Nexus  
  27  2:36  Warp Gate  
  27  2:37  Adept  
  27  2:40  Probe  
  30  2:45  Assimilator  
  30  2:56  Probe  
  30  2:57  Pylon  
  31  3:06  Twilight Council  
  31  3:13  Stalker  
  33  3:30  Gateway  
  33  3:31  Probe  
  33  3:32  Pylon  
  34  3:37  Shield Battery, Probe  
  33  3:44  Probe  
  33  3:45  Probe  
  34  3:52  Probe  
  34  3:55  Probe  
  35  4:01  Robotics Facility  
  35  4:02  Probe  
  37  4:07  Probe  
  39  4:11  Dark Shrine  
  39  4:14  Probe  
  40  4:19  Probe  
  40  4:22  Gateway  
  41  4:26  Probe  
  41  4:30  Gateway  
  42  4:33  Probe  
  42  4:37  Adept  
  45  4:39  Warp Prism  
  45  4:43  Probe  
  45  4:45  Probe  
  47  4:52  Assimilator  
  49  4:55  Probe  
  49  4:57  Probe  
  49  4:59  Assimilator  
  51  5:03  Pylon  
  51  5:08  Adept x2  
  51  5:09  Probe  
  56  5:19  Probe  
  57  5:21  Probe  
  58  5:40  Nexus  
  58  5:46  Dark Templar x4  
  58  5:49  Pylon  
  66  5:50  Observer  
  66  5:53  Probe x2  
  69  6:01  Immortal  
  69  6:04  Pylon  
  67  6:06  Probe x2  
  73  6:19  Probe x2  
  73  6:22  Archon  
  73  6:23  Dark Templar  
  77  6:27  Archon  
  77  6:35  Zealot x3  
  77  6:36  Immortal  
  83  6:46  Charge  
  85  6:47  Pylon  
  77  6:54  Probe x2  
  77  6:55  Probe  
  80  7:04  Sentry x3  
  80  7:05  Sentry  
  80  7:06  Probe  
  80  7:07  Immortal  
  89  7:13  Probe x2  
  91  7:18  Probe  
  91  7:20  Forge  
  96  7:25  Probe x2  
  96  7:26  Gateway  
  96  7:27  Gateway  
  96  7:29  Gateway  
  98  7:30  Gateway  
  98  7:31  Dark Templar  
  98  7:33  Protoss Ground Weapons Level 1  
  98  7:37  Immortal  
  100  7:38  Probe x3  
  100  7:40  Pylon  
  103  7:49  Pylon  
  103  7:50  Probe  
  108  7:52  Pylon  
  108  7:57  Observer  
  108  8:01  Observer  
  108  8:08  Dark Templar x2  
  108  8:09  Zealot x2  
  108  8:10  Probe x2  
  108  8:12  Assimilator  
  118  8:13  Archon, Assimilator  
  118  8:20  Probe  
  118  8:22  Probe  
  118  8:23  Pylon x2  
  118  8:24  Shield Battery  
  120  8:34  Dark Templar x3  
  120  8:36  Zealot x3  
  120  8:38  Archon  
  120  8:39  Observer  
  132  8:46  Blink  
  132  8:50  Nexus  
  132  8:54  Pylon  
  132  8:58  Pylon  
  131  9:06  Zealot x5  
  131  9:07  Zealot x3  
  139  9:28  Zealot x8  
  131  9:41  Immortal  
  121  9:53  Dark Templar x7  
  121  9:54  Dark Templar  
  121  9:59  Archon x3  
  137  10:00  Archon  
  137  10:07  Immortal  
  141  10:25  Photon Cannon  
  141  10:28  Photon Cannon  
  141  10:30  Shield Battery  
  141  10:37  Stalker x6  
  151  10:49  Pylon, Photon Cannon  
  145  11:00  Stalker x6  
  157  11:10  Stalker x2  
  157  11:26  Stalker x6  
  147  11:39  Stalker x2  
Tags
 
Composition
Archon Immortal
Matchup
PvZ
Player
DnSFjant
Replay Pack
hsc27
Spawn Locations
Cross Positions
Strategy
Archon Drop
Add a new tag
Caveats
  • Supply blocks, unpowered buildings, or Contaminate may cause inaccurate times.
  • Supply counts are checked every 10 seconds.